cohdb
Replays
Latest Replays
All Replays
Popular Replays
Top Player Replays
Match Explorer
How It Works
Community
CoH3 Stats
Reddit
Sign in to upload your games and track your stats! →
Sign in with Steam
Match 45700569
Unlisted
Match 45700569
Overview
Messages
Build Orders
End
Construct Barracks
Selects Armored Battlegroup
Selects Veteran Crews
1⁄4-ton 4x4 Truck
Riflemen Squad
Riflemen Squad
1⁄4-ton 4x4 Truck
Infantry Support Center
Construct Motor Pool
Selects Fast Deploy
M8 Greyhound Armored Car
Engineer Squad
Grenade Package
Riflemen Squad
Construct Medical Station
Construct Tank Depot
Selects M31 Recovery Vehicle
Selects Seek and Destroy
M4(105) Sherman Bulldozer
M1918 Browning Automatic Rifles
Selects M31 Recovery Vehicle
M1 Anti-tank Gun Team
Selects UNKNOWN (2160077)
Selects War Machine
M4A3E8 Sherman Easy Eight
M4A3E8 Sherman Easy Eight
Engineer Squad
GenevaSuggestion
Martinez
カルト_くん
Tiger Mafia
0
0
Comments
sign in to comment!
No comments posted yet!